 Dungeon Crawl Stone Soup version 0.22.0-38-g04b72b8 (webtiles) character file.

511 leisz the Digger (level 7, -1/42 HPs)
             Began as a Gargoyle Earth Elementalist on Aug 28, 2018.
             Was an Initiate of the Shining One.
             Slain by Duvessa
             ... wielding a +0 short sword
              (7 damage)
             ... on level 3 of the Dungeon.
             The game lasted 00:10:56 (2975 turns).

leisz the Digger (Gargoyle Earth Elementalist)      Turns: 2975, Time: 00:10:57

Health: -1/42      AC: 11    Str: 13    XL:     7   Next: 19%
Magic:  2/12       EV: 10    Int: 16    God:    the Shining One [......]
Gold:   193        SH:  0    Dex: 10    Spells: 12/13 levels left

rFire    . . .     SeeInvis .   v - +0 morningstar
rCold    . . .     Gourm    .   (no shield)
rNeg     + . .     Faith    .   s - +0 ring mail
rPois    ∞         Spirit   .   (no helmet)
rElec    +         Reflect  .   (no cloak)
rCorr    .         Harm     .   e - +0 pair of gloves
MR       .....                  (no boots)
Stlth    +.........             (no amulet)
HPRegen  0.14/turn              (no ring)
MPRegen  0.13/turn              (no ring)

@: very slightly contaminated, glowing
A: negative energy resistance 1, electricity resistance, unbreathing,
petrification resistance, rot immunity, AC +4
a: Renounce Religion


You were on level 3 of the Dungeon.
You worshipped the Shining One.
The Shining One was noncommittal.
You were not hungry.

You visited 1 branch of the dungeon, and saw 4 of its levels.

You collected 193 gold pieces.

Inventory:

Hand Weapons
 a - a +2 hunting sling of freezing
 b - a +0 hand axe
 f - a +1 vampiric dagger
 v - a +0 morningstar (weapon)
Missiles
 g - 5 stones (quivered)
 k - 20 sling bullets
 q - 5 javelins
Armour
 c - a +0 robe
 e - a +0 pair of gloves (worn)
 s - a +0 ring mail (worn)
Wands
 o - a wand of paralysis (11)
Scrolls
 h - a scroll of teleportation {unknown}
 i - a scroll of random uselessness {unknown}
 j - 2 scrolls of remove curse {unknown}
 l - a scroll of fear {unknown}
 m - a scroll of identify {unknown}
 n - a scroll of blinking {unknown}
 p - a scroll of enchant weapon {unknown}
Potions
 r - 2 potions of heal wounds {unknown}
 t - 2 potions of degeneration {unknown}
 u - a potion of curing {unknown}
Comestibles
 d - 3 rations
 w - 3 chunks of flesh


   Skills:
 + Level 3.7 Fighting
 + Level 3.7 Armour
 - Level 1.5 Dodging
 - Level 2.1 Stealth
 + Level 3.8 Spellcasting
   Level 0.7 Transmutations
 + Level 5.7 Earth Magic


You had 12 spell levels left.
You knew the following spells:

 Your Spells              Type           Power        Failure   Level  Hunger
a - Sandblast             Erth           ###...       3%          1    None

Your spell library contained the following spells:

 Spells                   Type           Power        Failure   Level  Hunger
 Passwall                 Tmut/Erth      ##......     14%         2    ##.....
 Stone Arrow              Conj/Erth      ##....       32%         3    ###....
 Petrify                  Tmut/Erth      ##......     67%         4    ####...
 Lee's Rapid Deconstruct  Erth           ###.......   67%         5    ######.


Dungeon Overview and Level Annotations

Branches:
Dungeon (4/15)
 Temple: D:4-7

Altars:
Nemelex Xobeh
Wu Jian
The Shining One

Annotations:
D:3 Duvessa


Innate Abilities, Weirdness & Mutations

You are resistant to torment.
Your stone body is resilient. (AC +4)
You are immune to poison.
You resist negative energy. (rN+)
You are resistant to electric shocks. (rElec)
You can survive without breathing.
You are immune to petrification.
You are immune to rotting.


Message History

Duvessa hits you but does no damage. x2
Casting: Sandblast (safe; 3% risk of failure)
Confirm with . or Enter, or press ? or * to list all spells.
Aiming: Sandblast (safe; 3% risk of failure)
Press: ? - help, Shift-Dir - straight line, f/p - Duvessa
Aim: Duvessa, wielding a short sword and wearing a chain mail (moderately wounded, berserk, fast, unusually strong, haloed)
The blast of sand hits Duvessa.
Duvessa is moderately wounded.
g - 6 stones Duvessa hits you with a short sword!
* * * LOW HITPOINT WARNING * * *
Casting: Sandblast (safe; 3% risk of failure)
Confirm with . or Enter, or press ? or * to list all spells.
Aiming: Sandblast (safe; 3% risk of failure)
Press: ? - help, Shift-Dir - straight line, f/p - Duvessa
Aim: Duvessa, wielding a short sword and wearing a chain mail (moderately wounded, berserk, fast, unusually strong, haloed)
The blast of sand misses Duvessa.
g - 5 stones Duvessa hits you with a short sword!
You die...

######## ##......##
##........## #..........#
#........).# #........>.#
#..........# #...@e.....#
#### #####........##
#####...
#.............###.......
##.##..............###...
#..##<.........##### #...
###.###..........# ###.
#...##........>..# #.
####.###...........########
#. #....#
#.......[..........###.


You could see Duvessa (berserk).

Vanquished Creatures
  Grinder (D:3)
  Dowan (D:3)
  An orc priest (D:3)
  A hound (D:2)
  2 orc wizards (D:3)
  Jessica (D:2)
  4 adders
  An adder skeleton (D:3)
  3 worms
  2 dart slugs
  A leopard gecko (D:2)
  10 orcs (D:3)
  3 giant cockroaches (D:2)
  4 goblins
  4 hobgoblins
  2 quokkas (D:2)
  3 ball pythons (D:1)
  7 bats
  3 frilled lizards
  7 kobolds
  13 rats
74 creatures vanquished.

Notes
Turn   | Place    | Note
-------+----------+-------------------------------------------
     0 | D:1      | leisz the Gargoyle Earth Elementalist began the quest for the Orb.
     0 | D:1      | Reached XP level 1. HP: 10/10 MP: 3/3
   116 | D:1      | Reached XP level 2. HP: 16/16 MP: 3/5
   459 | D:1      | Reached skill level 1 in Armour
   488 | D:1      | Reached skill level 1 in Fighting
   645 | D:1      | Reached skill level 4 in Earth Magic
   924 | D:2      | Reached XP level 3. HP: 20/20 MP: 6/6
  1302 | D:2      | Reached XP level 4. HP: 7/26 MP: 2/7
  1632 | D:2      | Noticed Jessica
  1634 | D:2      | Killed Jessica
  1943 | D:2      | Reached XP level 5. HP: 30/30 MP: 7/9
  2136 | D:3      | Found a glowing golden altar of the Shining One.
  2139 | D:3      | Became a worshipper of the Shining One
  2160 | D:3      | Found an ornate altar of the Wu Jian Council.
  2288 | D:3      | Noticed Grinder
  2293 | D:3      | Paralysed by Grinder for 5 turns
  2308 | D:3      | Killed Grinder
  2308 | D:3      | Reached skill level 5 in Earth Magic
  2308 | D:3      | Reached XP level 6. HP: 37/37 MP: 4/11
  2407 | D:3      | Found a sparkling altar of Nemelex Xobeh.
  2575 | D:3      | Reached XP level 7. HP: 28/41 MP: 0/12
  2669 | D:3      | Found a glowing golden altar of the Shining One.
  2940 | D:4      | Noticed Duvessa
  2940 | D:4      | Noticed Dowan
  2958 | D:3      | Killed Dowan
  2975 | D:3      | Slain by Duvessa

Skill      XL: |  1  2  3  4  5 |
---------------+----------------+-----
Armour         | 1 2 3 |  3.7
Fighting       | 1 2 3 |  3.7
Earth Magic    | 4 5 |  5.7
Spellcasting   | 3 |  3.8
Dodging        | |  1.5
Stealth        | |  2.1
Transmutations | |  0.7

Action                   |  1- 3 |  4- 6 |  7- 9 || total
-------------------------+-------+-------+-------++-------
Melee: Hand axe          |    13 |       |       ||    13
       Morningstar       |       |       |     2 ||     2
 Fire: Hunting sling     |    36 |    45 |       ||    81
Throw: Stone             |       |       |     2 ||     2
 Cast: Sandblast         |    25 |    45 |    19 ||    89
Evoke: Wand              |       |     1 |       ||     1
 Stab: Sleeping          |     1 |       |       ||     1
  Eat: Ration            |     1 |       |       ||     1
       Chunk             |       |     2 |     1 ||     3
Armor: Robe              |    15 |     5 |       ||    20
       Ring mail         |       |     9 |    10 ||    19
Dodge: Dodged            |    35 |    17 |    18 ||    70
